 Dungeon Crawl Stone Soup version 0.27-a0-1513-g2aaa0cc67b (webtiles) character file.

Game seed: 2461637161280634290

2 dickylongcocking the Magician (level 1, -1/18 HPs)
             Began as a Djinni Wanderer on July 9, 2021.
             Slain by a rat (2 damage)
             ... on level 1 of the Dungeon.
             The game lasted 00:00:14 (141 turns).

dickylongcocking the Magician (Djinni Wanderer)      Turns: 141, Time: 00:00:15

Health: -1/18      AC:  2    Str:  8    XL:     1   Next: 33%
Gold:   18         EV:  9    Int: 15    God:
                   SH:  7    Dex: 13

rFire    + + .     SeeInvis .   a - +0 dagger
rCold    x . .     Faith    .   c - +0 kite shield
rNeg     . . .     Spirit   .   b - +0 robe
rPois    ∞         Reflect  .   (no helmet)
rElec    .         Harm     .   (no cloak)
rCorr    .         Rampage  .   (no gloves)
Will     .....                  (boots unavailable)
Stlth    ++........             (no amulet)
HPRegen  0.06/turn              (no ring)
MPRegen  0.00/turn              (no ring)

@: flying
A: sickness immunity, fire resistance 2, cold vulnerability 1, float, innate
caster, hp casting, extra vitality 1
a: no special abilities


You were on level 1 of the Dungeon.
You visited 1 branch of the dungeon, and saw 1 of its levels.

You collected 18 gold pieces.

Inventory:

Hand Weapons
 a - a +0 dagger (weapon)
Armour
 b - a +0 robe (worn)
 c - a +0 kite shield (worn)


   Skills:
 * Level 2.2 Fighting
 - Level 2.1 Dodging
 - Level 1.0 Stealth
 - Level 1.0 Shields
 - Level 2.4 Spellcasting
 - Level 1.0 Evocations


You couldn't memorise any spells.
You knew the following spells:

 Your Spells              Type           Power      Damage    Failure   Level
a - Ozocubu's Armour      Ice            9%         N/A       82%         3
b - Freeze                Ice            36%        1d6       43%         1
c - Shock                 Conj/Air       36%        1d5       43%         1
d - Swiftness             Air            9%         N/A       82%         3

Your spell library contained the following spells:

 Spells                   Type           Power      Damage    Failure   Level


Dungeon Overview and Level Annotations

Branches:
Dungeon (1/15)

Altars:


Innate Abilities, Weirdness & Mutations

You are immune to sickness and miasma.
You are immune to poison.
Your flesh is very heat resistant. (rF++)
You are vulnerable to cold. (rC-)
You float through the air rather than walking.
You learn spells naturally, not from books.
Your magical power is your life essence.
You have superior vitality. (+4 HP)


Message History

The quokka bites you but does no damage.
The rat barely misses you. The quokka bites you.
You are too injured to fight recklessly!
You are too injured to fight recklessly!
You are too injured to fight recklessly!
You are too injured to fight recklessly!
You are too injured to fight recklessly!
You are too injured to fight recklessly!
You are too injured to fight recklessly!
You are too injured to fight recklessly!
You are too injured to fight recklessly!
You are too injured to fight recklessly!
You are too injured to fight recklessly!
You are too injured to fight recklessly!
You are too injured to fight recklessly!
You are too injured to fight recklessly!
You are too injured to fight recklessly!
Your shield prevents you from hitting the quokka.
The quokka is heavily wounded.
The rat barely misses you. The quokka barely misses you.
You closely miss the quokka.
The quokka is heavily wounded.
The quokka closely misses you. You block the rat's attack.
You block the quokka's attack.
You barely miss the quokka.
The quokka is heavily wounded.
The rat barely misses you. The quokka bites you.
* * * LOW HITPOINT WARNING * * *
The rat barely misses you.
You hit the quokka but do no damage.
The quokka is heavily wounded.
The quokka bites you.
* * * LOW HITPOINT WARNING * * *
The rat closely misses you. The quokka barely misses you.
You hit the rat but do no damage. The quokka completely misses you.
You block the rat's attack.
You are too injured to fight recklessly!
You hit the rat but do no damage. The quokka barely misses you.
The rat bites you.
You die...

#.#.. ####### #.#.# #
#.....# #.#.# ####.
#.....# #.#.# .....
###.....######.#.#
......+.'.....'......#..
......#.#.....##########
.......................#
......r@########....##.#
.......r†....#..........
.........###.#.#.###.#.#
####.#.... #.#... #
#.#########.######### #.
..[.........(....
############.#########
.............>...#
.#######.#######.#


You could see a quokka and a rat.

Vanquished Creatures
  A quokka (D:1)
  A bat (D:1)
2 creatures vanquished.

Notes
Turn   | Place    | Note
-------+----------+-------------------------------------------
     0 | D:1      | dickylongcocking the Djinni Wanderer began the quest for
                  | the Orb.
     0 | D:1      | Reached XP level 1. HP: 18/18 MP: 0/0
   141 | D:1      | Slain by a rat

Illustrated notes

Levels and vault maps discovered:
D:1:      wander_arrival_desolate, layout_basic, minmay_unequal

Action                   || total
-------------------------++-------
Melee: Dagger            ||    24
 Stab: Sleeping          ||     1
Armor: Robe              ||     7
Dodge: Dodged            ||    19
Block: Kite shield       ||    11

Table legend: (Time is in decaauts)
 A = Elapsed time spent in this place.
 B = Non-inter-level travel time spent in this place.
 C = Inter-level travel time spent in this place.
 D = Time resting spent in this place.
 E = Time spent auto-exploring this place.
 F = Levels seen in this place.
 G = Mean time per level.
                   A        B        C        D        E       F      G
               +--------+--------+--------+--------+--------+-----+--------+
         Total |    147 |    147 |      0 |      0 |    113 |   1 |  147.0 |
       Dungeon |    147 |    147 |      0 |      0 |    113 |   1 |  147.0 |
               +--------+--------+--------+--------+--------+-----+--------+

Top non-repeatable levels by time:
     D:1: 147 daAuts
